General information
- name: BNet
- type: Ladder 1vs1/FFA
- host: Battle.net
- saver: BEAR_AND
map: BrokenShard
- players: 2
- length: 42:24
- speed: Fast
- version: 1.21 W3XP
- replay type:

» download(143 KB)
Players
team 1 (winner)
BEAR_AND (
orange | 115 APM | 4875 actions | 42:24)
4 Archmage
2 Blizzard
2 Brilliance Aura
4 Mountain King
2 Storm Bolt
2 Bash
4 Paladin
2 Holy Light
1 Divine Shield
1 Devotion Aura
» actions
| Assign group hotkey | 12 | |
| Basic commands | 3 | |
| Build / train | 147 | |
| Enter build submenu | 66 | |
| Enter hero's abilities submenu | 14 | |
| Give item / drop item | 6 | |
| Remove unit from queue | 1 | |
| Right click | 2961 | |
| Select / deselect | 556 | |
| Select group hotkey | 773 | |
| Use ability | 336 | |
4875 total
» units
| Peasant | 16 | |
| Priest | 2 | |
| Sorceress | 2 | |
| Mortar Team | 3 | |
23 total
» upgrades
| Masonry | 3 | |
| Lumber Harvesting | 2 | |
| Magic Sentry | 1 | |
| Sorceress Training | 2 | |
| Gunpowder | 3 | |
| Armor | 3 | |
| Priest Training | 2 | |
| Flare | 1 | |
| Fragmentation Shards | 1 | |
| Swords | 1 | |
19 total
» buildings
| Altar of Kings | 1 | |
| Farm | 15 | |
| Lumber Mill | 1 | |
| Scout Tower | 87 | |
| Arcane Tower | 6 | |
| Guard Tower | 52 | |
| Arcane Vault | 1 | |
| Keep | 4 | |
| Arcane Sanctum | 1 | |
| Castle | 3 | |
| Town Hall | 3 | |
| Blacksmith | 1 | |
| Workshop | 1 | |
| Gryphon Aviary | 4 | |
180 total
» build order
00:09 Altar of Kings
00:17 Farm
00:41 Lumber Mill
01:01 Farm
01:29 Scout Tower
01:37 Scout Tower
01:57 Scout Tower
02:08 Arcane Tower
02:08 Arcane Tower
02:23 Scout Tower
02:36 Guard Tower
02:44 Scout Tower
03:02 Guard Tower
03:13 Arcane Vault
03:39 Guard Tower
03:43 Keep
03:43 Keep
03:44 Keep
03:44 Keep
03:47 Scout Tower
03:49 Scout Tower
04:01 Farm
04:03 Farm
04:16 Guard Tower
04:22 Scout Tower
04:23 Scout Tower
04:39 Farm
04:40 Guard Tower
04:43 Scout Tower
04:54 Guard Tower
05:19 Guard Tower
05:28 Guard Tower
06:35 Arcane Sanctum
07:23 Castle
07:24 Castle
08:07 Farm
08:46 Scout Tower
08:48 Scout Tower
09:45 Town Hall
09:51 Scout Tower
09:51 Scout Tower
09:52 Scout Tower
09:53 Scout Tower
10:43 Guard Tower
10:55 Guard Tower
11:16 Guard Tower
11:17 Guard Tower
11:17 Guard Tower
11:38 Blacksmith
11:40 Guard Tower
11:41 Scout Tower
11:42 Scout Tower
11:50 Guard Tower
12:13 Guard Tower
12:20 Scout Tower
12:21 Scout Tower
12:21 Scout Tower
13:06 Guard Tower
13:07 Guard Tower
13:07 Guard Tower
13:09 Scout Tower
13:09 Scout Tower
13:09 Scout Tower
13:10 Scout Tower
13:12 Workshop
13:34 Guard Tower
13:53 Guard Tower
13:56 Scout Tower
13:57 Scout Tower
14:00 Scout Tower
14:01 Scout Tower
14:06 Guard Tower
14:52 Guard Tower
15:01 Guard Tower
15:01 Guard Tower
15:02 Scout Tower
15:02 Scout Tower
15:03 Scout Tower
15:22 Guard Tower
16:49 Guard Tower
16:52 Scout Tower
19:08 Arcane Tower
20:20 Town Hall
20:40 Scout Tower
20:41 Scout Tower
20:41 Scout Tower
20:42 Scout Tower
20:43 Scout Tower
20:43 Scout Tower
20:44 Scout Tower
20:45 Scout Tower
20:46 Scout Tower
20:47 Scout Tower
20:48 Scout Tower
20:48 Scout Tower
20:49 Scout Tower
21:09 Arcane Tower
21:10 Guard Tower
21:11 Guard Tower
21:13 Scout Tower
21:14 Scout Tower
21:16 Scout Tower
21:17 Scout Tower
21:21 Guard Tower
21:39 Guard Tower
21:47 Guard Tower
21:53 Town Hall
21:58 Scout Tower
21:59 Scout Tower
22:00 Scout Tower
22:01 Scout Tower
22:01 Scout Tower
22:02 Scout Tower
22:04 Scout Tower
22:04 Scout Tower
22:05 Scout Tower
22:06 Scout Tower
22:07 Scout Tower
22:07 Scout Tower
22:08 Guard Tower
22:33 Guard Tower
22:35 Guard Tower
22:38 Scout Tower
22:39 Scout Tower
22:40 Scout Tower
22:41 Guard Tower
22:44 Scout Tower
22:44 Scout Tower
22:46 Scout Tower
22:47 Scout Tower
22:48 Scout Tower
22:59 Guard Tower
23:01 Guard Tower
23:06 Guard Tower
23:22 Guard Tower
23:34 Scout Tower
23:46 Scout Tower
23:49 Scout Tower
23:52 Scout Tower
24:34 Guard Tower
24:45 Guard Tower
24:49 Scout Tower
25:34 Guard Tower
25:39 Guard Tower
25:43 Guard Tower
25:49 Scout Tower
25:52 Scout Tower
25:53 Scout Tower
25:53 Scout Tower
25:54 Scout Tower
25:55 Scout Tower
25:56 Scout Tower
25:57 Scout Tower
25:58 Scout Tower
25:59 Scout Tower
26:00 Scout Tower
26:21 Guard Tower
26:46 Guard Tower
26:50 Scout Tower
27:05 Guard Tower
28:23 Guard Tower
28:40 Guard Tower
28:50 Arcane Tower
30:02 Guard Tower
31:14 Guard Tower
40:05 Farm
40:05 Farm
40:06 Farm
40:07 Farm
40:08 Farm
40:08 Farm
40:09 Farm
40:09 Farm
40:10 Farm
40:12 Gryphon Aviary
40:14 Gryphon Aviary
40:16 Gryphon Aviary
40:17 Gryphon Aviary
» items
| Scroll of Regeneration | 3 | |
| Boots of Speed | 3 | |
| Staff of Teleportation | 5 | |
| Scroll of Town Portal | 3 | |
| Staff of Sanctuary | 5 | |
| Orb of Fire | 2 | |
21 total
team 2 (loser)

»
AnotherGreek (
red | 59 APM | 2506 actions | 42:21)
4 Tauren Chieftain
2 Endurance Aura
2 War Stomp
4 Shadow Hunter
2 Healing Wave
2 Hex
2 Blademaster
1 Wind Walk
1 Critical Strike
» actions
| Assign group hotkey | 38 | |
| Basic commands | 20 | |
| Build / train | 127 | |
| Enter build submenu | 45 | |
| Enter hero's abilities submenu | 10 | |
| Give item / drop item | 5 | |
| Remove unit from queue | 2 | |
| Right click | 1006 | |
| Select / deselect | 513 | |
| Select group hotkey | 622 | |
| Use ability | 118 | |
2506 total
» units
| Peon | 33 | |
| Grunt | 4 | |
| Troll Headhunter/Berserker | 7 | |
| Wind Rider | 2 | |
| Raider | 9 | |
| Kodo Beast | 3 | |
| Tauren | 1 | |
| Demolisher | 17 | |
76 total
» upgrades
| Armor | 3 | |
| Ranged Weapons | 3 | |
| Berserker Strength | 1 | |
| Troll Regeneration | 1 | |
| Melee Weapons | 3 | |
| Spiked Barricades | 3 | |
| Ensnare | 1 | |
| Envenomed Spears | 1 | |
| War Drums Damage Increase | 1 | |
| Liquid Fire | 1 | |
| Pulverize | 1 | |
| Pillage | 1 | |
| Burning Oil | 1 | |
| Spirit Walker Training | 1 | |
| Witch Doctor Training | 2 | |
| Shaman Training | 1 | |
| Reinforced Defenses | 1 | |
26 total
» buildings
| Altar of Storms | 1 | |
| Orc Burrow | 14 | |
| Barracks | 1 | |
| War Mill | 1 | |
| Stronghold | 1 | |
| Voodoo Lounge | 1 | |
| Beastiary | 1 | |
| Fortress | 1 | |
| Tauren Totem | 1 | |
| Spirit Lodge | 1 | |
| Great Hall | 4 | |
| Watch Tower | 11 | |
38 total
» build order
00:14 Altar of Storms
00:21 Orc Burrow
00:30 Barracks
01:49 Orc Burrow
02:19 War Mill
02:56 Orc Burrow
03:24 Stronghold
05:04 Voodoo Lounge
07:01 Orc Burrow
08:00 Beastiary
09:14 Orc Burrow
10:15 Fortress
12:44 Tauren Totem
12:54 Orc Burrow
22:52 Orc Burrow
24:54 Orc Burrow
25:14 Spirit Lodge
26:47 Great Hall
26:51 Great Hall
26:55 Watch Tower
26:58 Watch Tower
27:01 Watch Tower
27:05 Watch Tower
27:09 Orc Burrow
27:43 Watch Tower
28:21 Watch Tower
28:35 Orc Burrow
28:42 Watch Tower
29:48 Great Hall
29:53 Great Hall
32:53 Watch Tower
33:20 Orc Burrow
34:19 Orc Burrow
34:35 Watch Tower
35:50 Orc Burrow
37:18 Orc Burrow
38:54 Watch Tower
40:09 Watch Tower
» items
| Healing Salve | 2 | |
| Scroll of Speed | 1 | |
| Orb of Lightning | 3 | |
| Tiny Great Hall | 2 | |
8 total
Chat log
(02:05 / All) BEAR_AND: gl hf
(02:38 / All) BEAR_AND: aura first?
(07:33 / All) BEAR_AND: nice stomp !
(17:25 / All) BEAR_AND: blademaster third?
(28:54 / All) AnotherGreek: sigh
(36:55 / All) BEAR_AND: gl hf
(42:11 / All) BEAR_AND: gg
(42:18 / All) AnotherGreek: that was really gay dude
(42:21 / All) BEAR_AND: owned!